 Dungeon Crawl Stone Soup version 0.31-a0-188-g5e087ee2ca (webtiles) character file.

Game seed: 12555601935085898703

372 qw the Skirmisher (level 6, -3/36 HPs)
             Began as a Deep Elf Hunter on June 23, 2023.
             Slain by Ijyb
             ... wielding a +2 dagger of protection
              (5 damage)
             ... on level 3 of the Dungeon.
             The game lasted 00:01:01 (2098 turns).

qw the Skirmisher (Deep Elf Hunter)                 Turns: 2098, Time: 00:01:02

Health: -3/36      AC:  6    Str: 10    XL:     6   Next: 43%
Magic:  8/8        EV: 11    Int: 14    God:
Gold:   187        SH:  0    Dex: 18    Spells: 5/5 levels left

rFire   . . .        Y - +1 shortbow
rCold   . . .        (shield currently unavailable)
rNeg    . . .        l - +1 ring mail
rPois   .            (no helmet)
rElec   .            (no cloak)
rCorr   .            (no gloves)
SInv    .            (no boots)
Will    .....        (no amulet)
Stlth   +            (no ring)
HPRegen 0.26/turn    (no ring)
MPRegen 0.11/turn

%: no passive effects
@: no status effects
A: no striking features
a: no special abilities


You were on level 3 of the Dungeon.
You visited 1 branch of the dungeon, and saw 3 of its levels.

You collected 235 gold pieces.
You spent 48 gold pieces at shops.


   Skills:
 - Level 2.5 Fighting
 + Level 9.7 Ranged Weapons
 - Level 2.4 Dodging
 - Level 1.2 Stealth


You had 5 spell levels left.
You didn't know any spells.
Your spell library was empty.

Inventory:

Hand Weapons
 Y - a +1 shortbow (weapon)
Armour
 a - a +0 helmet
 l - a +1 ring mail (worn)
Scrolls
 b - a scroll of vulnerability {unknown}
 e - a scroll of identify
Potions
 c - a potion of attraction {unknown}
 d - a potion of resistance {unknown}
 i - a potion of degeneration {unknown}
 j - a potion of invisibility {unknown}

Dungeon Overview and Level Annotations

Branches:
Dungeon (3/15)

Altars:
Ashenzari
Fedhas
Wu Jian
Yredelemnul
Zin

Shops:
D:1 [

Annotations:
D:3 Ijyb


Message History

Ijyb hits you with a +2 dagger of protection.
You shoot an arrow. The arrow hits Ijyb but does no damage.
Ijyb is heavily wounded.
Ijyb hits you but does no damage.
You shoot an arrow. The arrow hits Ijyb but does no damage.
Ijyb is heavily wounded.
Ijyb hits you with a +2 dagger of protection.
Ijyb misses you.
You shoot an arrow. The arrow hits Ijyb.
Ijyb is heavily wounded.
Ijyb closely misses you.
You shoot an arrow. The arrow completely misses Ijyb.
Ijyb hits you with a +2 dagger of protection.
You shoot an arrow. The arrow hits Ijyb but does no damage.
Ijyb is heavily wounded.
Ijyb hits you with a +2 dagger of protection.
You shoot an arrow. The arrow hits Ijyb.
Ijyb is severely wounded.
Ijyb hits you but does no damage.
You shoot an arrow. The arrow hits Ijyb but does no damage.
Ijyb is severely wounded.
Ijyb hits you with a +2 dagger of protection.
You shoot an arrow. The arrow hits Ijyb but does no damage.
Ijyb is severely wounded.
Ijyb hits you with a +2 dagger of protection.
You shoot an arrow. The arrow hits Ijyb but does no damage.
Ijyb is severely wounded.
Ijyb hits you with a +2 dagger of protection.
You shoot an arrow. The arrow hits Ijyb.
Ijyb is severely wounded.
Ijyb hits you but does no damage.
You shoot an arrow. The arrow hits Ijyb but does no damage.
Ijyb is severely wounded.
Ijyb closely misses you.
You shoot an arrow. The arrow hits Ijyb but does no damage.
Ijyb is severely wounded.
Ijyb closely misses you.
You shoot an arrow. The arrow completely misses Ijyb.
Ijyb hits you with a +2 dagger of protection. x2
You die...

#.###..# # #+#......< .# #.. ###
.....##.#. .# ### ###.#..... ....
#.#. ...... ........ ..#.##.#.
#.#.#.# .....#.# . +......
##...#.####.##.#.###.# #......
.#.###...##.##...g...#########.##
.........##.##..@#####.......#%#
.....#.#^##..............# #.#.#
#..#.............#####.#.###...#
#..##).......###.# #.......#.#
....')...........#####.#.....#.#
#####.....##....###....#.###.#.#
###'####..#.# #......# #.#.# #.#
#..#..##....#.###.#.## #.#
##.##.#####.#.##.....#


You could see Ijyb.

Vanquished Creatures
  Sigmund (D:3)
  A phantom (D:3)
  Terence (D:3)
  A gnoll (D:1)
  3 adders
  A worm (D:3)
  A dart slug (D:1)
  An orc (D:3)
  9 endoplasms
  5 giant cockroaches (D:1)
  7 goblins
  5 hobgoblins
  4 jackals (D:1)
  7 kobolds
  4 quokkas
  7 ball pythons
  4 bats
  4 frilled lizards
  3 rats
69 creatures vanquished.

Notes
Turn   | Place    | Note
-------+----------+-------------------------------------------
     0 | D:1      | qw the Deep Elf Hunter began the quest for the Orb.
     0 | D:1      | Reached XP level 1. HP: 12/12 MP: 3/3
     0 | D:1      | 0 ||| qw: Version: 0.3-a-9-g12657ce
     0 | D:1      | 0 ||| qw: Game counter: 3604
     0 | D:1      | 0 ||| qw: Always use a shield: true
     0 | D:1      | 0 ||| qw: God list: Okawaru
     0 | D:1      | 0 ||| qw: Allow faded altars: false
     0 | D:1      | 0 ||| qw: Do Orc after D:15 true
     0 | D:1      | 0 ||| qw: Do second Lair branch before Depths: true
     0 | D:1      | 0 ||| qw: Lair rune preference: random
     0 | D:1      | 0 ||| qw: Plans: Normal
     0 | D:1      | 0 ||| PLANNING D:1-11
   102 | D:1      | Reached skill level 6 in Ranged Weapons
   102 | D:1      | Reached XP level 2. HP: 16/16 MP: 4/4
   254 | D:1      | Reached XP level 3. HP: 20/20 MP: 5/5
   398 | D:1      | Reached skill level 7 in Ranged Weapons
   400 | D:1      | HP: 5/20 [goblin/+0 club (3)]
   477 | D:1      | Found Resann's Armour Shoppe.
   482 | D:1      | 482 ||| BUYING +0 ring mail (48 gold).
   482 | D:1      | Bought a +0 ring mail for 48 gold pieces
   482 | D:1      | 482 ||| SHOPLISTING +2 helmet (198 gold, have 5).
   482 | D:1      | 482 ||| SHOPLISTING +2 ring mail of fire resistance (252
                  | gold, have 5).
   893 | D:1      | 893 ||| UPGRADING to +0 scale mail.
   903 | D:1      | 903 ||| DROPPING +0 leather armour.
   904 | D:1      | 904 ||| UPGRADING to +0 ring mail.
   914 | D:1      | 914 ||| DROPPING +0 scale mail.
   915 | D:1      | 915 ||| READING scroll labelled FISTIT ATABACEE.
   916 | D:1      | 916 ||| READING scroll labelled BESUAJ YFOSM.
   917 | D:1      | 917 ||| READING scroll labelled CUMASE HATAN.
   918 | D:1      | 918 ||| READING scroll labelled FAEN FI SIHAPP.
   919 | D:1      | 919 ||| READING scroll labelled XIGETE AVASIW.
   920 | D:1      | 920 ||| READING scroll labelled VUAC VIJIUTZ.
   921 | D:1      | 921 ||| DRINKING 2 bubbling sapphire potions.
   922 | D:1      | 922 ||| DROPPING scroll of butterflies.
  1016 | D:2      | 1016 ||| FLEEEEING.
  1019 | D:2      | 1019 ||| FLEEEEING.
  1020 | D:2      | 1020 ||| FLEEEEING.
  1021 | D:2      | 1021 ||| FLEEEEING.
  1022 | D:2      | 1022 ||| FLEEEEING.
  1023 | D:2      | 1023 ||| FLEEEEING.
  1024 | D:2      | 1024 ||| FLEEEEING.
  1163 | D:2      | Reached XP level 4. HP: 25/25 MP: 6/6
  1349 | D:2      | Found a blossoming altar of Fedhas.
  1529 | D:2      | 1529 ||| READING scroll labelled BOCRYF KOGUT.
  1530 | D:2      | 1530 ||| READING scroll labelled BAROAL KANEORYV.
  1531 | D:2      | 1531 ||| READING scroll labelled OCIBIC FUDO.
  1596 | D:3      | 1596 ||| READING scroll of enchant armour.
  1596 | D:3      | 1596 ||| ENCHANTING +0 ring mail.
  1775 | D:3      | Noticed Sigmund
  1777 | D:3      | 1777 ||| FLEEEEING.
  1778 | D:3      | 1778 ||| FLEEEEING.
  1779 | D:3      | 1779 ||| FLEEEEING.
  1780 | D:3      | 1780 ||| FLEEEEING.
  1781 | D:3      | 1781 ||| FLEEEEING.
  1782 | D:3      | 1782 ||| FLEEEEING.
  1791 | D:3      | 1791 ||| DRINKING potion of curing.
  1791 | D:3      | 1791 ||| (to cure confusion)
  1798 | D:3      | Killed Sigmund
  1799 | D:3      | Reached skill level 9 in Ranged Weapons
  1799 | D:3      | Reached XP level 5. HP: 29/29 MP: 7/7
  1818 | D:3      | Reached XP level 6. HP: 35/35 MP: 8/8
  1823 | D:3      | Found a broken altar of Ashenzari.
  1824 | D:3      | Found an ornate altar of the Wu Jian Council.
  1826 | D:3      | Found a glowing silver altar of Zin.
  1826 | D:3      | Found a basalt altar of Yredelemnul.
  1914 | D:3      | Noticed Terence
  1930 | D:3      | Killed Terence
  1930 | D:3      | HP: 9/36 [kobold/+0 short sword (2)]
  2048 | D:3      | Noticed Ijyb
  2057 | D:3      | Paralysed by Ijyb for 2 turns
  2065 | D:3      | Paralysed by Ijyb for 5 turns
  2092 | D:3      | HP: 9/36 [Ijyb/+2 dagger of protection (2)]
  2098 | D:3      | HP: 2/36 [Ijyb/+2 dagger of protection (4)]
  2098 | D:3      | Slain by Ijyb

Levels and vault maps discovered:
D:1:      minmay_arrival_open_corners, layout_loops_ring, serial_shops,
          nicolae_shop_hallway_plus, minmay_fountain_box, minmay_pentomino_t2
D:2:      layout_loops_cross, basic_altar, nrook_uturn, st_stairs_8,
          minmay_gold_behind_fungi
D:3:      layout_basic, grunt_temple_overflow_open,
          dreamdust_ecumenical_altar_grove, uniq_crazy_yiuf_cottage,
          uniq_terence, uniq_sigmund, uniq_ijyb

Skill      XL: |  1  2  3  4  5  6 |
---------------+-------------------+-----
Ranged Weapons | 6 7 9 |  9.7
Fighting       | 2 |  2.5
Dodging        | |  2.4
Stealth        | |  1.2

Action                     |  1- 3 |  4- 6 || total
---------------------------+-------+-------++-------
   Fire: Shortbow          |   108 |   127 ||   235
    Use: Scroll            |     6 |     4 ||    10
         Potion            |     1 |     1 ||     2
 Armour: Ring mail         |     4 |    17 ||    21
         Leather armour    |     1 |       ||     1
  Dodge: Dodged            |    22 |    32 ||    54

Table legend:
 A = Non-vault XP
 B = Vault XP
 C = Vault XP percentage of total XP
 D = Non-vault monster count
 E = Vault monster count
 F = Vault count percentage of total count
                 A         B        C        D         E       F
            +---------+---------+-------+---------+---------+-------
      Total |     260 |     272 |  51.1 |      62 |       7 |  10.1
            +---------+---------+-------+---------+---------+-------
        D:1 |      78 |       4 |   4.9 |      37 |       2 |   5.1
        D:2 |      35 |       6 |  14.6 |      15 |       3 |  16.7
        D:3 |     147 |     262 |  64.1 |      10 |       2 |  16.7
            +---------+---------+-------+---------+---------+-------
